Map: Dusty Gorge

Players

Throwfordays - Winner!

  • Race: Protoss Protoss
  • League: Silver
  • Spawn Location: 3:00

Faust - Winner!

  • Race: Zerg Zerg
  • League: Diamond
  • Spawn Location: 5:00

ExtinctAI

  • Race: Terran Terran
  • League: Gold
  • Spawn Location: 11:00

DoubtMeNow

  • Race: Zerg Zerg
  • Spawn Location: 9:00

VOD

Have the link to the VOD?

Description

Time

  • Played on: March 30, 2019, 11:32 p.m.
  • Length: 13:47
Show
View Real Time Build Order
Export as new Build Order

Throwfordays Protoss - Winner!

Build Orders: Nexus First, Carriers 

Get SALT Encoding   

  12  0:00  Probe  
  13  0:13  Probe  
  14  0:22  Pylon  
  14  0:25  Probe  
  15  0:40  Probe  
  16  1:02  Probe  
  16  1:03  Nexus  
  17  1:14  Gateway  
  17  1:27  Forge  
  17  1:32  Probe  
  18  1:33  Assimilator  
  18  1:44  Probe  
  19  1:53  Pylon  
  19  1:56  Probe  
  20  2:09  Cybernetics Core  
  20  2:12  Photon Cannon  
  20  2:20  Photon Cannon  
  20  2:24  Probe  
  21  2:32  Probe  
  22  2:42  Probe  
  22  2:46  Probe  
  24  2:54  Probe  
  24  2:56  Probe, Warp Gate  
  26  3:04  Probe  
  26  3:06  Probe  
  26  3:12  Probe  
  28  3:15  Photon Cannon  
  28  3:17  Assimilator  
  28  3:18  Probe  
  30  3:24  Probe  
  31  3:29  Photon Cannon  
  31  3:30  Probe  
  32  3:38  Pylon  
  32  3:40  Probe  
  32  3:41  Probe  
  32  3:42  Stargate  
  34  3:48  Probe  
  34  3:53  Probe  
  36  3:57  Probe  
  36  4:02  Assimilator  
  37  4:06  Assimilator, Probe  
  37  4:09  Pylon, Probe  
  39  4:20  Protoss Shields Level 1  
  39  4:25  Photon Cannon  
  39  4:27  Photon Cannon  
  39  4:36  Probe  
  39  4:37  Probe  
  41  4:45  Probe  
  41  4:47  Nexus  
  41  4:48  Probe  
  41  4:50  Protoss Air Weapons Level 1  
  41  4:52  Pylon  
  43  4:55  Pylon, Probe  
  43  4:58  Assimilator  
  44  5:00  Probe  
  44  5:01  Zealot  
  44  5:03  Assimilator  
  47  5:11  Photon Cannon  
  47  5:13  Photon Cannon  
  47  5:21  Stargate  
  47  5:25  Fleet Beacon  
  47  5:30  Cybernetics Core  
  47  5:35  Twilight Council  
  47  5:43  Probe  
  47  5:46  Probe  
  49  5:55  Probe  
  50  5:58  Probe  
  50  6:07  Probe  
  50  6:10  Probe  
  52  6:14  Carrier  
  52  6:15  Carrier  
  64  6:19  Probe  
  64  6:25  Probe  
  66  6:29  Probe  
  67  6:37  Probe  
  67  6:38  Photon Cannon  
  68  6:41  Photon Cannon, Probe  
  68  6:43  Photon Cannon  
  68  6:44  Stalker  
  71  6:49  Probe  
  71  6:53  Probe  
  71  6:54  Pylon  
  73  6:58  Pylon  
  72  7:01  Probe  
  72  7:02  Pylon  
  72  7:05  Probe  
  72  7:06  Pylon  
  71  7:13  Pylon, Probe  
  71  7:15  Pylon  
  68  7:17  Probe  
  68  7:18  Photon Cannon  
  68  7:32  Photon Cannon  
  68  7:34  Photon Cannon  
  68  7:36  Photon Cannon  
  67  7:54  Carrier x2  
  67  7:57  Probe  
  80  8:05  Probe  
  80  8:08  Stargate  
  80  8:12  Stargate  
  81  8:15  Probe  
  81  8:17  Gateway  
  82  8:25  Pylon x2  
  82  8:27  Probe  
  82  8:31  Protoss Air Weapons Level 2, Protoss Air Armor Level 1  
  83  8:39  Probe  
  83  8:41  Forge  
  84  8:51  Probe  
  84  8:54  Nexus  
  85  8:57  Assimilator  
  85  9:01  Assimilator  
  85  9:03  Pylon  
  85  9:04  Probe  
  85  9:06  Pylon  
  86  9:16  Probe  
  87  9:23  Photon Cannon  
  87  9:25  Carrier  
  87  9:27  Carrier  
  87  9:28  Probe  
  87  9:31  Photon Cannon  
  100  9:36  Protoss Shields Level 2  
  100  9:38  Photon Cannon  
  100  9:57  Probe  
  101  10:01  Probe  
  101  10:03  Carrier  
  101  10:04  Carrier  
  114  10:09  Probe  
  114  10:13  Probe  
  116  10:15  Probe  
  117  10:21  Probe  
  117  10:22  Photon Cannon, Protoss Air Armor Level 2  
  117  10:24  Photon Cannon  
  117  10:25  Probe  
  117  10:27  Probe  
  120  10:31  Carrier  
  120  10:34  Probe  
  127  10:37  Probe  
  127  10:39  Protoss Air Weapons Level 3  
  127  10:40  Probe  
  129  10:46  Probe  
  129  10:49  Probe  
  131  10:52  Probe  
  131  10:54  Robotics Facility  
  131  10:55  Robotics Facility  
  132  10:59  Carrier  
  132  11:04  Probe  
  139  11:10  Carrier  
  145  11:14  Carrier  
  151  11:40  Carrier  
  163  13:04  Pylon  
  163  13:05  Pylon  
  163  13:06  Pylon  
  163  13:08  Pylon  
  163  13:10  Pylon  
  163  13:12  Pylon  
  163  13:14  Pylon  
  163  13:16  Pylon  
  163  13:18  Pylon  
  163  13:20  Pylon  
Show
View Real Time Build Order
Export as new Build Order

Faust Zerg - Winner!

Build Orders: Hatch First, Muta Ling Bane 

Get SALT Encoding   

  12  0:06  Drone  
  13  0:11  Drone  
  14  0:17  Extractor  
  14  0:18  Drone  
  15  0:28  Overlord  
  15  0:47  Drone x2  
  17  0:54  Hatchery  
  16  1:00  Drone  
  16  1:03  Extractor  
  16  1:20  Spawning Pool  
  16  1:22  Drone  
  16  1:24  Drone  
  17  1:25  Drone  
  18  1:36  Drone  
  19  1:45  Overlord  
  19  2:07  Queen, Zergling x4  
  23  2:08  Metabolic Boost  
  23  2:12  Queen  
  25  2:16  Drone  
  26  2:25  Baneling Nest  
  26  2:26  Drone  
  26  2:36  Drone x2  
  26  2:37  Drone  
  29  2:42  Drone  
  29  2:43  Drone  
  31  3:01  Overlord  
  31  3:02  Drone x3  
  34  3:10  Baneling  
  34  3:11  Baneling x2  
  34  3:16  Drone x2  
  34  3:19  Overlord  
  36  3:21  Drone x3  
  37  3:29  Zergling x4  
  37  3:30  Zergling x2, Overlord  
  40  3:40  Lair  
  40  3:41  Drone x2  
  42  4:04  Drone x7  
  42  4:08  Overlord  
  49  4:11  Hatchery  
  49  4:16  Baneling x2  
  48  4:23  Drone x2  
  50  4:24  Overlord  
  50  4:31  Extractor  
  49  4:33  Extractor x2  
  49  4:34  Drone x2  
  49  4:35  Drone x3  
  49  4:36  Drone  
  49  4:37  Drone  
  52  5:16  Spire  
  52  5:17  Drone x3  
  52  5:18  Drone  
  52  5:19  Drone x4  
  52  5:20  Drone x2  
  61  5:21  Overlord  
  61  5:22  Spore Crawler  
  61  5:23  Queen  
  62  5:41  Evolution Chamber  
  61  5:43  Evolution Chamber  
  61  5:46  Drone x2  
  61  5:47  Drone x4  
  61  5:48  Overlord x3  
  61  5:49  Overlord  
  66  5:55  Drone x2  
  68  5:58  Extractor  
  68  5:59  Extractor  
  66  6:16  Drone x3  
  66  6:18  Drone x3  
  71  6:19  Drone  
  71  6:20  Drone x2  
  71  6:21  Overlord x2  
  71  6:23  Zerg Melee Weapons Level 1  
  71  6:25  Zerg Ground Armor Level 1  
  75  6:28  Zerg Flyer Weapons Level 1  
  74  6:38  Spore Crawler  
  74  6:39  Spine Crawler  
  72  6:42  Spore Crawler  
  72  6:44  Spine Crawler  
  70  6:49  Zergling x12  
  70  6:50  Zergling x18  
  85  6:55  Centrifical Hooks  
  85  6:59  Overlord  
  85  7:00  Drone, Mutalisk  
  88  7:12  Baneling  
  88  7:13  Baneling x17  
  88  7:14  Baneling  
  88  7:16  Zergling x2  
  88  7:17  Zergling x20  
  99  7:38  Overlord  
  99  7:39  Overlord x2  
  99  7:42  Overseer  
  99  7:45  Pneumatized Carapace  
  99  7:46  Burrow  
  99  7:50  Mutalisk x4  
  99  7:51  Mutalisk x2  
  107  7:53  Zergling x12  
  117  8:23  Drone x4  
  117  8:24  Drone x7, Overlord x3  
  117  8:25  Overlord  
  128  8:28  Extractor  
  128  8:29  Hatchery  
  128  8:30  Zerg Melee Weapons Level 2  
  128  8:31  Zerg Ground Armor Level 2  
  126  8:36  Infestation Pit  
  125  8:44  Drone x3  
  125  8:45  Drone x3  
  104  9:11  Mutalisk x5  
  104  9:12  Mutalisk x2  
  117  9:35  Mutalisk  
  117  9:36  Mutalisk x2  
  122  9:45  Overlord x2  
  121  9:51  Hive  
  114  10:08  Baneling  
  114  10:09  Baneling x6  
  114  10:15  Mutalisk  
  114  10:16  Mutalisk x2  
  114  10:20  Overlord x5  
  120  10:29  Zerg Flyer Weapons Level 2  
  120  10:31  Zergling x18  
  120  10:32  Zergling x28  
  143  10:49  Overlord x3  
  143  11:01  Zergling x16  
  143  11:02  Zergling x4  
  143  11:04  Overseer x3  
  153  11:05  Overseer  
  153  11:09  Adrenal Glands  
  153  11:15  Drone  
  153  11:16  Extractor, Drone x2  
  153  11:18  Queen  
  157  11:26  Overseer  
  117  11:52  Mutalisk  
  117  11:53  Mutalisk x6  
  117  11:55  Zergling x2  
  117  11:56  Zergling x28  
  132  12:03  Drone x2  
  134  12:14  Drone  
  135  12:19  Overlord x2  
  135  12:20  Overlord x5  
  132  12:37  Hatchery  
  132  12:39  Extractor  
  132  12:40  Extractor  
  105  13:32  Drone x4  
  105  13:33  Drone x2  
Show
View Real Time Build Order
Export as new Build Order

ExtinctAI Terran 

Build Orders: Reaper Expand 

Get SALT Encoding   

  12  0:01  SCV  
  14  0:14  SCV  
  14  0:18  Supply Depot  
  14  0:33  SCV  
  15  0:41  Barracks  
  15  0:46  SCV  
  16  0:52  Refinery  
  16  0:58  SCV  
  17  1:12  SCV  
  18  1:26  SCV  
  18  1:31  Supply Depot  
  20  1:38  Orbital Command  
  19  1:40  Reaper  
  20  2:05  Command Center  
  20  2:07  SCV  
  21  2:17  Reaper  
  22  2:24  Barracks  
  22  2:27  SCV  
  23  2:40  SCV  
  24  2:51  Marine  
  24  2:55  SCV  
  26  3:04  Factory  
  26  3:14  Barracks Tech Lab  
  26  3:17  Barracks Reactor  
  26  3:32  SCV  
  27  3:42  Marine  
  27  3:46  Barracks  
  28  3:50  Orbital Command  
  28  3:55  Marine x2  
  30  3:56  SCV  
  30  4:02  Stimpack  
  31  4:04  Marine  
  31  4:05  Factory Tech Lab  
  32  4:13  Refinery  
  32  4:18  Marine x2  
  32  4:22  Supply Depot  
  32  4:23  Starport  
  34  4:28  Marine  
  34  4:30  SCV x2  
  37  4:43  Marine x2  
  37  4:45  SCV x2  
  41  4:50  Marine  
  42  5:07  Marine x2  
  42  5:09  Marine  
  42  5:12  Engineering Bay  
  42  5:13  Supply Depot  
  45  5:15  Supply Depot  
  45  5:16  Siege Tank  
  45  5:18  SCV x2  
  50  5:35  Medivac  
  52  5:43  Missile Turret  
  52  5:45  Missile Turret  
  52  5:47  Marine x3  
  55  6:02  Siege Tank  
  57  6:10  Marine x3, SCV x2  
  61  6:11  Combat Shield  
  61  6:28  SCV x2  
  56  7:03  Marine x2  
  56  7:04  Marine, Siege Tank  
  56  7:05  Medivac  
  64  7:21  Marine  
  64  7:27  Marine x2  
  64  7:28  SCV x2  
  61  7:33  Terran Infantry Weapons Level 1  
  61  7:35  Supply Depot, Barracks  
  61  7:36  Supply Depot  
  58  7:38  Barracks  
  58  7:44  SCV x2  
  60  7:45  Widow Mine  
  60  7:47  Marine x3  
  60  7:49  Viking  
  64  8:06  Marine, SCV x2  
  64  8:07  Marine x2  
  69  8:14  Armory  
  69  8:26  Marine x3  
  72  8:27  Medivac, Siege Tank  
  72  8:29  Barracks Tech Lab x2  
  72  8:33  Supply Depot  
  77  8:34  Supply Depot  
  77  8:36  Supply Depot  
  77  8:38  SCV x2  
  79  8:44  Marine  
  58  9:10  Marine x5  
  58  9:12  Medivac, Siege Tank  
  58  9:13  SCV x2  
  65  9:25  SCV  
  65  9:27  Marine  
  67  9:36  Marine x4  
  66  9:45  SCV x2  
  66  9:48  Medivac, Siege Tank  
  68  9:53  Barracks  
  68  9:55  Marine x5  
  68  9:56  Barracks  
  70  10:07  SCV x2  
  70  10:12  Marine  
  73  10:19  Command Center  
  73  10:22  Marine  
  73  10:23  Marine x3  
  77  10:30  Marine  
  78  10:45  Marine x6  
  78  10:49  Barracks  
  84  11:04  Marine x7  
  85  11:06  Siege Tank  
  85  11:07  Medivac  
  96  11:13  SCV x2  
  96  11:17  Refinery  
  96  11:18  Refinery  
  98  11:24  Marine x5  
  103  11:38  Supply Depot  
  84  11:47  SCV x2  
  84  11:48  Marine x7  
  84  11:49  Marine  
  84  11:50  Medivac, Siege Tank  
  97  12:08  Marine x5  
  92  12:09  Marine x3  
  92  12:10  SCV  
  92  12:11  SCV  
  92  12:15  Barracks x2  
  88  12:22  Medivac  
  90  12:28  Siege Tank  
  90  12:29  SCV x2  
  93  12:30  Marine x5  
  93  12:31  Marine  
  100  12:41  SCV  
  94  13:00  SCV x2  
  96  13:15  Command Center  
  96  13:21  Marine x5  
  96  13:22  SCV  
  102  13:28  SCV  
  102  13:30  Supply Depot  
  102  13:32  Supply Depot x2  
Show
View Real Time Build Order
Export as new Build Order

DoubtMeNow Zerg 

Build Orders: Hatch First, Lurkers 

Get SALT Encoding   

  12  0:01  Drone  
  13  0:12  Overlord  
  13  0:19  Drone  
  14  0:32  Drone x2  
  16  0:36  Drone  
  17  0:57  Hatchery  
  17  0:58  Drone  
  17  1:15  Spawning Pool  
  16  1:19  Extractor  
  15  1:29  Drone x3  
  18  1:48  Drone  
  19  2:05  Overlord  
  19  2:08  Queen  
  21  2:12  Zergling x4  
  21  2:15  Zergling x2  
  24  2:21  Zergling x2  
  25  2:23  Metabolic Boost  
  25  2:26  Queen  
  25  2:29  Zergling x2  
  28  2:35  Zergling x2  
  29  2:37  Zergling x2  
  29  2:43  Zergling x2  
  31  2:49  Zergling x2  
  32  2:55  Zergling x2  
  32  2:57  Drone  
  34  3:22  Lair  
  34  3:24  Drone x2  
  34  3:25  Drone x2, Overlord  
  28  3:33  Spine Crawler  
  27  3:41  Drone  
  27  3:42  Spine Crawler  
  27  3:43  Drone  
  27  3:47  Drone  
  29  3:50  Drone  
  30  4:04  Drone x4  
  30  4:05  Drone  
  35  4:32  Hydralisk Den  
  34  4:41  Overlord x2  
  34  4:42  Overlord  
  34  4:44  Burrow  
  34  4:46  Extractor  
  33  5:13  Hydralisk x3  
  37  5:20  Drone x7  
  46  5:21  Extractor  
  46  5:23  Extractor  
  46  5:24  Drone  
  45  5:45  Lurker Den  
  44  6:12  Hydralisk x5  
  54  6:21  Drone x2  
  54  6:22  Drone x3  
  54  6:25  Drone x3  
  61  7:12  Lurker x4  
  61  7:13  Lurker x2  
  67  7:28  Overlord x7  
  67  7:39  Hatchery  
  62  7:45  Hydralisk x3  
  62  7:46  Hydralisk x4  
  67  7:59  Hydralisk x4  
  66  8:24  Drone x4  
  70  8:32  Extractor x2  
  68  8:37  Extractor  
  68  8:39  Hatchery  
  66  8:43  Extractor  
  66  8:44  Drone x3  
  66  8:45  Drone x3  
  66  8:46  Drone x3  
  74  8:51  Lurker  
  73  8:59  Zergling x6  
  63  9:13  Hydralisk x4  
  65  9:17  Hydralisk x2  
  65  9:18  Hydralisk x3  
  65  9:23  Hydralisk  
  75  9:36  Hydralisk x4  
  80  9:51  Hydralisk x7  
  88  10:01  Drone x2  
  88  10:02  Drone x4  
  94  10:11  Lurker x3  
  97  10:15  Lurker  
  97  10:21  Muscular Augments  
  98  10:28  Drone x3  
  99  10:29  Drone x3  
  99  10:30  Drone  
  99  10:31  Drone  
  106  11:02  Hydralisk  
  106  11:03  Hydralisk x9  
  126  11:21  Evolution Chamber  
  126  11:22  Evolution Chamber  
  126  11:24  Overlord x4  
  124  11:32  Grooved Spines  
  95  11:55  Hydralisk x11  
  95  11:56  Hydralisk x2  
  110  12:26  Infestation Pit  
  93  12:52  Hydralisk x9  
  93  12:53  Hydralisk x7  
Tags
 
Add a new tag
Caveats
  • Supply blocks, unpowered buildings, or Contaminate may cause inaccurate times.
  • Supply counts are checked every 10 seconds.